Map: König-Sejong-Station LE

Players

PRØToss - Winner!

  • Race: Zerg Zerg

NightHawk

  • Race: Protoss Protoss
  • League: Diamond

Marder

  • Race: Protoss Protoss

VOD

Have the link to the VOD?

Description

Time

  • Played on: Aug. 26, 2016, 6:02 a.m.
  • Length: 7:29
Show
View Real Time Build Order
Export as new Build Order

PRØToss Zerg - Winner!

Build Orders: Hatch First 

Get SALT Encoding   

  12  0:01  Drone  
  13  0:12  Overlord  
  13  0:22  Drone  
  14  0:30  Drone  
  14  0:31  Drone  
  14  0:34  Drone  
  17  0:54  Hatchery  
  16  0:57  Drone  
  16  0:59  Drone  
  16  1:02  Extractor  
  17  1:10  Drone  
  18  1:19  Spawning Pool  
  18  1:22  Drone  
  18  1:29  Drone  
  19  1:41  Overlord  
  19  1:49  Drone  
  20  2:00  Drone  
  21  2:06  Queen x2  
  21  2:07  Metabolic Boost  
  25  2:10  Drone  
  25  2:15  Drone  
  27  2:32  Hatchery  
  26  2:41  Drone x3  
  29  2:49  Drone  
  29  2:50  Evolution Chamber  
  29  2:51  Overlord  
  29  3:01  Zergling x6  
  32  3:07  Zergling x2  
  32  3:11  Overlord  
  33  3:15  Zergling x6  
  37  3:20  Zergling x2  
  37  3:25  Zergling x6  
  40  3:29  Overlord  
  40  3:33  Drone  
  40  3:48  Drone x7  
  46  3:55  Queen  
  47  4:02  Lair  
  49  4:08  Drone x2  
  50  4:16  Zergling x10  
  52  4:24  Overlord  
  52  4:28  Zerg Missile Weapons Level 1, Roach Warren  
  51  4:38  Drone x4  
  54  4:47  Drone  
  54  4:48  Drone x3, Extractor  
  53  5:08  Overlord, Glial Reconstitution  
  53  5:09  Extractor x2  
  53  5:10  Drone x3  
  53  5:11  Drone x3  
  53  5:12  Drone x2  
  59  5:22  Overlord  
  59  5:23  Drone x4  
  59  5:24  Drone x2  
  59  5:27  Overseer  
  65  5:40  Zergling x2  
  66  5:44  Overlord  
  66  5:45  Drone x2  
  66  5:46  Drone x3  
  71  5:50  Roach x2  
  71  5:55  Roach, Overlord  
  77  6:06  Roach  
  77  6:08  Spore Crawler  
  78  6:21  Roach  
  78  6:22  Roach x9  
  94  6:29  Roach x4  
  94  6:30  Overlord x2  
  102  6:36  Roach x2  
  106  6:43  Overlord x2  
  106  6:49  Roach  
  105  7:02  Roach  
  105  7:03  Roach x6  
  125  7:21  Spore Crawler  
  125  7:22  Spore Crawler  
Show
View Real Time Build Order
Export as new Build Order

NightHawk Protoss 

Build Orders: Nexus First 

Get SALT Encoding   

  12  0:01  Probe (Chrono Boost)  
  13  0:11  Probe (Chrono Boost)  
  14  0:21  Pylon  
  14  0:23  Probe (Chrono Boost)  
  15  0:40  Probe (Chrono Boost)  
  16  0:50  Probe (Chrono Boost)  
  17  1:00  Nexus  
  17  1:11  Gateway  
  17  1:17  Assimilator  
  17  1:18  Probe (Chrono Boost)  
  18  1:22  Assimilator  
  18  1:33  Gateway  
  18  1:41  Pylon  
  18  1:43  Probe (Chrono Boost)  
  20  1:54  Probe (Chrono Boost)  
  20  2:02  Cybernetics Core  
  20  2:10  Probe (Chrono Boost)  
  20  2:13  Probe (Chrono Boost)  
  22  2:21  Probe (Chrono Boost)  
  23  2:24  Probe (Chrono Boost)  
  24  2:31  Probe (Chrono Boost)  
  24  2:36  Probe (Chrono Boost)  
  26  2:37  Adept  
  26  2:38  Warp Gate  
  26  2:39  Adept  
  31  2:44  Probe (Chrono Boost)  
  31  2:49  Probe (Chrono Boost)  
  32  2:54  Probe (Chrono Boost)  
  33  3:02  Gateway  
  33  3:05  Probe (Chrono Boost)  
  34  3:06  Mothership Core (Chrono Boost)  
  36  3:16  Pylon  
  36  3:17  Probe (Chrono Boost)  
  36  3:18  Adept  
  37  3:25  Probe (Chrono Boost)  
  40  3:29  Probe (Chrono Boost)  
  40  3:32  Adept  
  43  3:35  Probe (Chrono Boost)  
  43  3:41  Gateway  
  44  3:46  Probe (Chrono Boost)  
  42  3:56  Probe (Chrono Boost)  
  42  4:01  Assimilator  
  42  4:05  Probe (Chrono Boost)  
  42  4:08  Probe (Chrono Boost)  
  44  4:10  Stargate  
  44  4:11  Pylon  
  44  4:17  Adept  
  44  4:21  Adept  
  44  4:22  Adept  
  44  4:23  Probe (Chrono Boost)  
  41  4:28  Assimilator  
  41  4:30  Probe (Chrono Boost)  
  32  4:37  Probe (Chrono Boost)  
  32  4:41  Adept  
  32  4:45  Adept  
  36  4:52  Probe (Chrono Boost)  
  38  4:53  Probe (Chrono Boost)  
  38  5:02  Probe (Chrono Boost)  
  39  5:08  Pylon  
  39  5:10  Oracle  
  39  5:11  Probe (Chrono Boost)  
  39  5:14  Probe (Chrono Boost)  
  41  5:15  Pylon  
  44  5:23  Probe (Chrono Boost)  
  44  5:26  Probe (Chrono Boost)  
  46  5:29  Robotics Facility  
  46  5:35  Probe (Chrono Boost)  
  47  5:37  Probe (Chrono Boost)  
  48  5:45  Probe (Chrono Boost)  
  48  5:48  Probe (Chrono Boost)  
  48  5:49  Zealot x2  
  54  5:56  Probe (Chrono Boost)  
  55  5:59  Probe (Chrono Boost)  
  55  6:00  Zealot  
  55  6:01  Zealot  
  60  6:06  Probe (Chrono Boost)  
  61  6:13  Probe (Chrono Boost)  
  62  6:21  Warp Prism  
  62  6:24  Probe (Chrono Boost)  
  62  6:25  Probe (Chrono Boost)  
  63  6:34  Probe (Chrono Boost)  
  65  6:40  Probe (Chrono Boost)  
  65  6:42  Stalker  
  65  6:43  Adept  
  65  6:45  Probe (Chrono Boost)  
  70  6:51  Gateway  
  70  6:54  Gateway  
  70  6:56  Probe x2 (Chrono Boost)  
  62  7:08  Stalker x2  
  62  7:09  Stalker  
Show
View Real Time Build Order
Export as new Build Order

Marder Protoss 

Build Orders:  

Get SALT Encoding   

Tags
 
Add a new tag
Caveats
  • Supply blocks, unpowered buildings, or Contaminate may cause inaccurate times.
  • Supply counts are checked every 10 seconds.